 Dungeon Crawl Stone Soup version 0.26.1-2-gb8aa6d0cf2 (webtiles) character file.

Game seed: 1046607899407857085

483 Amaterasu the Twirler (level 6, 0/56 HPs)
             Began as a Minotaur Gladiator on Feb 13, 2021.
             Was an Initiate of Gozag.
             Slain by an ogre
             ... wielding a +0 giant club
              (20 damage)
             ... on level 5 of the Dungeon.
             The game lasted 00:05:25 (3500 turns).

Amaterasu the Twirler (Minotaur Gladiator)          Turns: 3500, Time: 00:05:25

Health: 0/56       AC: 15    Str: 21    XL:     6   Next: 87%
Magic:  5/5        EV:  7    Int:  5    God:    Gozag
Gold:   204        SH:  0    Dex: 11    Spells: 5/5 levels left

rFire    . . .     SeeInvis .   a - +1 quarterstaff
rCold    . . .     Faith    .   (shield currently unavailable)
rNeg     . . .     Spirit   .   k - +0 plate armour
rPois    .         Reflect  .   c - +0 hat
rElec    .         Harm     .   (no cloak)
rCorr    .         Rampage  .   h - +0 pair of gloves
Will     +....                  l - +1 pair of boots
Stlth    ..........             (no amulet)
HPRegen  0.18/turn              o - ring of willpower
MPRegen  0.09/turn              j - ring of flight

@: no status effects
A: retaliatory headbutt, horns 2
a: Renounce Religion, Evoke Flight, Potion Petition, Call Merchant, Bribe Branch


You were on level 5 of the Dungeon.
You worshipped Gozag.
Gozag was aware of your devotion.
You visited 2 branches of the dungeon, and saw 6 of its levels.

You collected 270 gold pieces.
You paid 66 gold pieces to Gozag.

Inventory:

Hand Weapons
 a - a +1 quarterstaff (weapon)
Missiles
 d - 3 throwing nets (quivered)
Armour
 c - a +0 hat (worn)
 h - a +0 pair of gloves (worn)
 k - a +0 plate armour (worn)
 l - a +1 pair of boots (worn)
Jewellery
 j - a ring of flight (right hand)
 o - a ring of willpower (left hand)
 r - an uncursed amulet of guardian spirit
Scrolls
 e - a scroll of teleportation
 m - 3 scrolls of remove curse
 q - a scroll of enchant weapon
 t - a scroll of amnesia
Potions
 b - a potion of attraction
 f - a potion of flight
 g - 2 potions of invisibility
 i - a potion of ambrosia
 n - a potion of mutation
 p - a potion of cancellation {unknown}
 s - a potion of degeneration {unknown}


   Skills:
 * Level 5.0 Fighting
 * Level 6.1 Staves
 - Level 2.0 Throwing
 * Level 5.1 Armour
 * Level 3.3 Dodging
 * Level 0.2 Evocations


You had 5 spell levels left.
You didn't know any spells.
Your spell library was empty.

Dungeon Overview and Level Annotations

Branches:
Dungeon (5/15)             Temple (1/1) D:4

Altars:
Ashenzari
Dithmenos
Fedhas
Gozag
Kikubaaqudgha
Makhleb
Nemelex Xobeh
Okawaru
Qazlal
Sif Muna
Trog
Uskayaw
Vehumet
Wu Jian
Xom
Yredelemnul
The Shining One

Annotations:
D:3 2 transporters, Galthrax's ghost, amateur MfIE


Innate Abilities, Weirdness & Mutations

You reflexively headbutt those who attack you in melee.
You have a pair of horns on your head.


Message History

Your plate armour prevents you from hitting the ogre.
You headbutt the ogre, but do no damage.
The ogre is lightly wounded.
The ogre hits you but does no damage.
You hit the ogre.
The ogre is lightly wounded.
Your unstable footing causes you to fumble your attack.
The ogre hits you with a +0 giant club!
Your unstable footing causes you to fumble your attack.
The ogre hits you with a +0 giant club!
You are too injured to fight recklessly!
You are too injured to fight recklessly!
You hit the ogre but do no damage. Your headbutt misses the ogre.
The ogre is lightly wounded.
The ogre hits you with a +0 giant club.
You sock the ogre! Your headbutt misses the ogre.
The ogre is severely wounded.
The ogre hits you with a +0 giant club!!
You die...
Your body crumbles into a pile of gold.

P≈≈ ≈ ≈≈≈≈♣ ≈P≈≈P≈
##♣♣≈♣≈≈≈≈ #.≈≈≈≈P≈≈≈
###.P♣P≈≈≈≈≈
#..♣≈≈≈≈≈≈≈≈
#..OP≈≈≈≈≈≈≈
#.@≈♣P≈≈≈≈≈≈
##>.≈P≈≈≈≈≈≈≈
#...≈♣P≈≈≈≈≈≈
#...≈♣≈≈≈≈≈≈≈
##...≈≈≈≈≈≈≈≈≈
##....P♣≈♣≈≈≈≈≈ ≈≈
##.....≈♣≈P≈≈≈≈≈ ≈≈ $
####.......P≈≈≈≈≈≈≈
♣≈≈ ♣#
####.#........≈≈♣≈P≈≈≈
≈≈♣♣.#


You could see an ogre.

Vanquished Creatures
  Duvessa (D:5)
  Dowan (D:5)
  A hound (D:5)
  An orc priest (D:3)
  An orc wizard (D:5)
  A worker ant (D:4)
  A worker ant zombie (D:2)
  4 gnolls (D:2)
  5 adders
  4 oozes
  An adder skeleton (D:5)
  3 worms
  A dart slug (D:1)
  4 leopard geckos
  7 orcs
  7 giant cockroaches
  8 goblins
  3 hobgoblins (D:1)
  5 jackals
  9 kobolds
  A quokka (D:2)
  A ball python (D:4)
  10 bats
  2 frilled lizards
  7 rats
89 creatures vanquished.

Vanquished Creatures (others)
  2 adders (D:3)
  A hobgoblin (D:3)
  A kobold (D:3)
  2 plants (D:5)
6 creatures vanquished.

Grand Total: 95 creatures vanquished

Notes
Turn   | Place    | Note
-------+----------+-------------------------------------------
     0 | D:1      | Amaterasu the Minotaur Gladiator began the quest for the
                  | Orb.
     0 | D:1      | Reached XP level 1. HP: 18/18 MP: 0/0
    69 | D:1      | Reached skill level 4 in Staves
   153 | D:1      | Reached XP level 2. HP: 25/25 MP: 1/1
   212 | D:1      | Reached skill level 1 in Armour
   278 | D:1      | Reached XP level 3. HP: 26/31 MP: 2/2
   965 | D:2      | Reached skill level 5 in Staves
  1059 | D:2      | Reached XP level 4. HP: 30/38 MP: 3/3
  1442 | D:2      | Reached XP level 5. HP: 45/45 MP: 4/4
  1680 | D:3      | Found an ancient bone altar of Kikubaaqudgha.
  1681 | D:3      | Found a shimmering blue altar of Sif Muna.
  1682 | D:3      | Found a shimmering altar of Xom.
  1720 | D:3      | Found a transporter.
  1721 | D:3      | Found a transporter.
  1721 | D:3      | Noticed Galthrax's ghost (amateur MfIE)
  1770 | D:3      | Reached skill level 6 in Staves
  1902 | D:3      | Found a broken altar of Ashenzari.
  2466 | D:3      | Found a radiant altar of Vehumet.
  2778 | D:4      | Found a staircase to the Ecumenical Temple.
  2787 | Temple   | Entered the Ecumenical Temple
  3017 | Temple   | Became a worshipper of Gozag Ym Sagoz the Greedy
  3305 | D:4      | Found a hide-covered altar of Uskayaw.
  3305 | D:4      | Found an iron altar of Okawaru.
  3336 | D:5      | Entered Level 5 of the Dungeon
  3340 | D:5      | Reached XP level 6. HP: 52/52 MP: 5/5
  3423 | D:5      | Noticed Duvessa
  3423 | D:5      | Noticed Dowan
  3436 | D:5      | Killed Duvessa
  3437 | D:5      | Reached skill level 5 in Fighting
  3437 | D:5      | Reached skill level 5 in Armour
  3438 | D:5      | Killed Dowan
  3500 | D:5      | Slain by an ogre

Illustrated notes

Levels and vault maps discovered:
D:1:      shiori_arrival_maze, layout_basic, minmay_vboxes
D:2:      layout_basic
D:3:      layout_loops_ring, fiery_altar_vehumet,
          chequers_temple_overflow_statue_of_worship, lemuel_doored_altar,
          gammafunk_ghost_arena, minivault_24, hangedman_glass_teeth
D:4:      layout_cave_pools, gammafunk_temple_overflow_pools,
          minmay_temple_entry_antechambers
D:5:      minmay_evil_eye, layout_cave_pools, serial_bayou,
          serial_bayou_shore_b, serial_bayou_ford_a, serial_bayou_lake_a,
          serial_bayou_shore_b, minmay_misc_feat_five, uniq_duvessa,
          uniq_edmund, uniq_crazy_yiuf_cottage
Temple:   jpeg_temple_alley_garden

Skill      XL: |  1  2  3  4  5  6 |
---------------+-------------------+-----
Staves         | 4 5 6 |  6.1
Fighting       | 3 4 5 |  5.0
Armour         | 1 2 4 5 |  5.1
Throwing       | |  2.0
Dodging        | |  3.3
Evocations     | |  0.2

Action                   |  1- 3 |  4- 6 || total
-------------------------+-------+-------++-------
Melee: Quarterstaff      |    77 |   145 ||   222
       Headbutt          |     8 |    24 ||    32
  Use: Scroll            |     5 |     7 ||    12
 Stab: Distracted        |       |     1 ||     1
Armor: Leather armour    |     4 |       ||     4
       Chain mail        |    27 |       ||    27
       Plate armour      |    21 |    95 ||   116
Dodge: Dodged            |    45 |    47 ||    92
